Map: Port Aleksander LE

Players

GunGFuBanDa

  • Race: Protoss Protoss
  • League: Master
  • Spawn Location: 11:00

Harstem - Winner!

  • Race: Protoss Protoss
  • League: Grandmaster
  • Spawn Location: 5:00

Event: 2019 WCS Winter Europe

VOD

Have the link to the VOD?

Description

Time

  • Played on: Feb. 17, 2019, 10:22 a.m.
  • Length: 15:33

All games in this series

Show
View Real Time Build Order
Export as new Build Order

GunGFuBanDa Protoss 

Build Orders: Blink Stalkers 

Get SALT Encoding   

  12  0:00  Probe  
  13  0:12  Probe  
  14  0:18  Pylon  
  14  0:24  Probe  
  15  0:32  Probe  
  15  0:38  Gateway  
  15  0:40  Probe  
  16  0:48  Assimilator  
  17  0:50  Probe  
  17  0:56  Assimilator  
  18  0:59  Probe  
  19  1:07  Probe  
  20  1:12  Gateway  
  20  1:17  Probe  
  21  1:26  Cybernetics Core  
  21  1:30  Probe  
  22  1:37  Pylon  
  22  1:42  Probe  
  23  1:55  Probe  
  24  2:02  Stalker  
  24  2:03  Warp Gate, Sentry  
  28  2:14  Pylon  
  29  2:22  Probe  
  29  2:39  Nexus  
  29  2:44  Probe  
  29  2:49  Stalker  
  32  2:52  Sentry  
  32  2:56  Probe  
  35  3:04  Twilight Council  
  35  3:10  Shield Battery  
  35  3:16  Probe  
  36  3:25  Probe  
  36  3:33  Probe, Blink  
  37  3:40  Forge  
  38  3:42  Probe, Pylon  
  39  3:55  Adept  
  39  3:56  Adept  
  39  4:02  Probe  
  44  4:03  Probe  
  45  4:16  Protoss Ground Weapons Level 1  
  45  4:19  Stalker  
  45  4:20  Stalker  
  45  4:22  Probe  
  50  4:24  Probe  
  51  4:34  Probe  
  52  4:39  Robotics Facility  
  49  4:47  Stalker x2  
  47  4:53  Probe  
  47  4:56  Probe  
  47  5:02  Probe  
  48  5:08  Assimilator, Probe  
  48  5:10  Probe  
  48  5:12  Sentry  
  52  5:18  Photon Cannon  
  52  5:20  Probe  
  52  5:21  Probe  
  53  5:25  Stalker  
  56  5:29  Probe  
  56  5:30  Probe  
  56  5:32  Assimilator  
  56  5:34  Resonating Glaives  
  58  5:37  Probe  
  58  5:40  Probe  
  60  5:43  Observer  
  60  5:44  Pylon  
  59  5:54  Probe x2  
  55  6:02  Probe, Protoss Ground Weapons Level 2  
  55  6:03  Warp Prism  
  58  6:05  Probe  
  58  6:09  Gateway  
  60  6:13  Probe  
  60  6:14  Probe  
  62  6:25  Gateway  
  62  6:26  Probe, Gateway  
  63  6:37  Probe  
  63  6:38  Probe, Gateway  
  65  6:44  Pylon  
  65  6:49  Adept x2  
  69  6:56  Probe  
  69  6:59  Pylon  
  70  7:02  Probe  
  70  7:07  Pylon  
  71  7:09  Adept x2  
  75  7:15  Robotics Bay  
  75  7:24  Pylon  
  67  7:51  Robotics Facility  
  67  7:56  Disruptor  
  67  7:57  Adept x6  
  69  8:09  Photon Cannon  
  62  8:21  Stalker x5  
  62  8:24  Stalker  
  74  8:31  Disruptor  
  77  8:34  Pylon  
  77  8:38  Disruptor  
  80  8:47  Stalker x4  
  88  8:52  Adept  
  88  8:53  Adept  
  92  8:57  Pylon  
  92  9:04  Disruptor  
  95  9:18  Disruptor  
  98  9:37  Stalker x4  
  105  9:39  Disruptor  
  103  9:49  Shield Battery  
  106  9:54  Probe  
  106  9:55  Pylon  
  107  10:08  Probe  
  107  10:15  Adept x6  
  107  10:16  Disruptor  
  121  10:46  Nexus  
  121  10:49  Pylon  
  115  10:54  Dark Shrine  
  115  10:56  Stalker x3  
  117  11:01  Disruptor  
  115  11:07  Stalker x2  
  122  11:22  Probe x2  
  122  11:31  Probe x2, Pylon  
  124  11:34  Photon Cannon  
  124  11:37  Zealot  
  124  11:38  Zealot, Protoss Ground Weapons Level 3  
  130  11:43  Assimilator  
  130  11:47  Probe  
  131  12:17  Dark Templar x4  
  131  12:37  Adept  
  131  12:38  Adept  
  134  12:47  Pylon x2  
  134  13:06  Immortal  
  138  13:13  Pylon  
  138  13:16  Templar Archives  
  138  13:27  Sentry  
  138  13:28  Stalker  
  138  13:32  Nexus  
  142  13:34  Pylon  
  141  13:53  High Templar x4  
  149  13:56  Nexus  
  149  13:58  Archon x2  
  138  14:25  Dark Templar x2  
  138  14:26  Dark Templar  
  138  14:30  Zealot, Adept  
  138  14:31  Adept  
  150  14:42  Pylon  
  150  14:47  Pylon  
  150  14:55  Pylon  
  148  15:00  High Templar  
  148  15:01  Zealot  
  148  15:07  Adept x2  
  109  15:28  Adept x5  
Show
View Real Time Build Order
Export as new Build Order

Harstem Protoss - Winner!

Build Orders: Oracle Opening, Phoenix Opening, Zealot Archon 

Get SALT Encoding   

  12  0:00  Probe  
  13  0:12  Probe  
  14  0:18  Pylon  
  14  0:25  Probe  
  15  0:33  Probe  
  15  0:40  Gateway  
  15  0:41  Probe  
  17  0:51  Probe  
  17  0:54  Assimilator  
  18  0:58  Assimilator  
  18  0:59  Probe  
  19  1:07  Probe  
  19  1:12  Gateway  
  19  1:17  Probe  
  21  1:27  Cybernetics Core  
  21  1:30  Probe  
  22  1:35  Pylon  
  22  1:42  Probe  
  23  1:54  Probe  
  24  2:04  Stalker  
  24  2:05  Sentry, Warp Gate  
  29  2:11  Pylon  
  28  2:32  Stargate  
  27  2:37  Phoenix  
  27  2:41  Nexus  
  27  2:46  Probe  
  28  2:53  Stalker  
  30  2:58  Probe  
  31  3:10  Oracle, Probe  
  32  3:14  Pylon  
  32  3:23  Probe  
  36  3:35  Probe  
  36  3:38  Oracle  
  37  3:47  Probe  
  41  3:53  Adept x2  
  41  3:54  Probe  
  46  3:59  Probe  
  47  4:06  Probe  
  47  4:09  Robotics Facility  
  48  4:11  Probe  
  49  4:18  Probe  
  49  4:23  Probe  
  51  4:30  Probe  
  52  4:31  Shield Battery  
  52  4:33  Stalker  
  52  4:34  Stalker  
  52  4:36  Probe  
  54  4:42  Probe  
  53  4:47  Probe  
  53  4:51  Probe  
  53  4:55  Probe  
  53  4:58  Observer  
  53  4:59  Probe  
  52  5:00  Forge  
  52  5:03  Assimilator, Twilight Council, Probe  
  52  5:05  Assimilator  
  53  5:09  Probe  
  53  5:12  Pylon  
  55  5:15  Probe  
  55  5:19  Pylon  
  55  5:21  Protoss Ground Weapons Level 1, Probe  
  57  5:27  Probe  
  58  5:29  Immortal  
  58  5:33  Probe  
  63  5:37  Pylon  
  63  5:43  Charge  
  58  6:01  Immortal, Gateway  
  58  6:02  Sentry  
  58  6:04  Zealot, Gateway  
  66  6:18  Gateway  
  66  6:19  Gateway  
  66  6:21  Gateway  
  66  6:25  Gateway  
  66  6:33  Warp Prism  
  66  6:37  Templar Archives  
  66  6:46  Zealot x2  
  72  6:49  Pylon  
  71  7:05  Photon Cannon  
  71  7:14  High Templar x2  
  71  7:15  High Templar  
  77  7:18  Zealot x2  
  77  7:19  Pylon  
  77  7:20  Zealot x2, High Templar  
  77  7:21  Archon  
  87  7:24  Pylon  
  87  7:25  Archon  
  87  7:26  Protoss Ground Weapons Level 2  
  87  7:29  Pylon  
  87  7:50  Zealot x6  
  97  7:59  Phoenix  
  97  8:05  Stalker x2  
  91  8:22  High Templar x2  
  91  8:23  Zealot x3  
  91  8:25  Probe  
  102  8:30  Archon  
  102  8:32  Probe  
  103  8:38  Phoenix  
  103  8:42  Zealot x3  
  111  8:58  Phoenix  
  111  9:01  Pylon  
  113  9:14  Nexus  
  113  9:16  Phoenix  
  113  9:22  High Templar x2  
  119  9:32  Phoenix  
  119  9:35  Archon  
  119  9:44  Probe  
  122  9:46  Probe, Pylon  
  122  9:47  Pylon  
  123  9:56  Phoenix  
  125  10:04  Immortal  
  127  10:12  Zealot x2  
  131  10:16  Phoenix, Probe x2  
  133  10:21  Protoss Ground Weapons Level 3  
  133  10:30  Stargate  
  133  10:37  Zealot  
  133  10:39  Zealot  
  131  10:43  Phoenix  
  131  10:47  Probe x2  
  131  10:49  Probe  
  132  10:59  Probe  
  133  11:06  Zealot  
  133  11:08  Phoenix  
  133  11:10  Probe  
  138  11:14  Phoenix  
  138  11:15  Probe  
  142  11:20  Zealot x2  
  142  11:22  Probe  
  144  11:27  High Templar x2  
  144  11:31  Archon  
  148  11:34  Phoenix  
  148  11:36  Pylon  
  150  11:41  Probe  
  150  11:45  Phoenix  
  150  11:46  Zealot  
  151  11:54  Observer  
  151  12:01  Zealot x4  
  152  12:18  Zealot x4  
  156  12:23  Zealot  
  156  12:26  Probe  
  156  12:28  Phoenix, Observer  
  159  12:33  Probe  
  159  12:36  Zealot x2  
  165  12:51  Protoss Shields Level 1  
  165  13:15  Nexus  
  165  13:19  Photon Cannon  
  165  13:28  Pylon  
  165  13:32  Pylon  
  165  13:50  Pylon  
  165  13:53  Photon Cannon  
  165  13:56  Pylon  
  165  13:59  Pylon  
  165  14:06  Oracle  
  165  14:09  Observer  
  166  14:12  Phoenix  
  167  14:25  High Templar x4  
  167  14:28  High Templar x2  
  167  14:29  Archon x2  
  179  14:32  Phoenix  
  179  14:41  Shield Battery  
  179  14:45  Archon  
  179  14:46  Phoenix  
  181  14:53  Zealot x2  
  181  14:57  Phoenix  
  182  15:17  Zealot x5  
  182  15:18  Zealot x2  
  180  15:26  Zealot  
Tags
 
Add a new tag
Caveats
  • Supply blocks, unpowered buildings, or Contaminate may cause inaccurate times.
  • Supply counts are checked every 10 seconds.